TOP OF THE 1ST |
Portland Privateers batting - Pitching for Louisville Bats : RHP Guy Hebert
|
Pitching: RHP Guy Hebert
|
|
Batting: SHB Patrick Larson
|
0-0: Ground out U3 (Groundball, 34)
|
Batting: RHB Joe Bailey
|
0-0: Ball 1-0: Fly out, F4 (Popup, 4MD)
|
Batting: RHB José Balina
|
0-0: Foul Ball, location: 2F 0-1: Ball 1-1: Ground out 6-3 (Groundball, 56)
|
Top of the 1st over - 0 run(s), 0 hit(s), 0 error(s), 0 left on base; Portland 0 - Louisville 0 |
BOTTOM OF THE 1ST |
Louisville Bats batting - Pitching for Portland Privateers : LHP Pedro Santana
|
Pitching: LHP Pedro Santana
|
|
Batting: RHB Danny Campbell
|
0-0: Called Strike 0-1: Swinging Strike 0-2: Fly out, F9 (Flyball, 9LMF)
|
Batting: RHB Dick Slagboom
|
0-0: Ball 1-0: Ball 2-0: Foul Ball, location: 2F 2-1: Swinging Strike 2-2: Ball 3-2: Foul Ball, location: 2F 3-2: Base on Balls
|
Batting: RHB Eric Thompson
|
0-0: TRIPLE (Flyball, 89XD) Dick Slagboom scores
|
Batting: LHB Mike Callahan
|
0-0: Ball 1-0: Fly out, F9 (Line Drive, 89M) Runner from 3rd tags up, SCORES, no throw
|
Batting: RHB Enrico Ramos
|
0-0: Foul Ball, location: 2F 0-1: Called Strike 0-2: SOLO HOME RUN (Flyball, 8RXD), Distance : 424 ft
|
Batting: LHB Alex Henderson
|
0-0: Ball 1-0: Ball 2-0: Foul Ball, location: 2F 2-1: Fly out, F9 (Flyball, 9)
|
Bottom of the 1st over - 3 run(s), 2 hit(s), 0 error(s), 0 left on base; Portland 0 - Louisville 3 |
TOP OF THE 2ND |
Portland Privateers batting - Pitching for Louisville Bats : RHP Guy Hebert
|
Batting: SHB Eric Pimentel
|
0-0: Ball 1-0: Fly out, F4 (Line Drive, 4)
|
Batting: LHB Jeff Dorney
|
0-0: Called Strike 0-1: Ball 1-1: Called Strike 1-2: Foul Ball, location: 2F 1-2: Strikes out swinging
|
Batting: RHB Luis Pineda
|
0-0: Ball 1-0: Called Strike 1-1: Swinging Strike 1-2: Ball 2-2: Ball 3-2: SOLO HOME RUN (Flyball, 89XD), Distance : 418 ft
|
Batting: RHB Edward Holloway
|
0-0: Ball 1-0: Ball 2-0: Called Strike 2-1: Ball 3-1: Foul Ball, location: 2F 3-2: Foul Ball, location: 2F 3-2: Base on Balls
|
Batting: LHB Pedro Padilla
|
0-0: Ball 1-0: Ball 2-0: Called Strike 2-1: Called Strike 2-2: Strikes out looking
|
Top of the 2nd over - 1 run(s), 1 hit(s), 0 error(s), 1 left on base; Portland 1 - Louisville 3 |
BOTTOM OF THE 2ND |
Louisville Bats batting - Pitching for Portland Privateers : LHP Pedro Santana
|
Batting: RHB John Denton
|
0-0: Foul Ball, location: 2F 0-1: Ball 1-1: Fly out, F9 (Flyball, 9D)
|
Batting: LHB Jeff Forsyth
|
0-0: Foul Ball, location: 2F 0-1: Ball 1-1: SINGLE (Flyball, 7LS)
|
Batting: RHB Shawn Marshall
|
0-0: Ball 1-0: Called Strike 1-1: Foul Ball, location: 2F 1-2: Ball 2-2: Foul Ball, location: 2F 2-2: SINGLE (Line Drive, 8RS) Jeff Forsyth to second
|
Batting: RHB Danny Campbell
|
0-0: Ball 1-0: Called Strike 1-1: Fly out, F4 (Line Drive, 4M)
|
Batting: RHB Dick Slagboom
|
0-0: Foul Ball, location: 2F 0-1: Ball 1-1: Ball 2-1: Ball 3-1: Foul Ball, location: 2F 3-2: Fly out, F8 (Flyball, 8RD)
|
Bottom of the 2nd over - 0 run(s), 2 hit(s), 0 error(s), 2 left on base; Portland 1 - Louisville 3 |
TOP OF THE 3RD |
Portland Privateers batting - Pitching for Louisville Bats : RHP Guy Hebert
|
Batting: RHB Dave Nelson
|
0-0: Ball 1-0: Ball 2-0: Ball 3-0: Called Strike 3-1: Swinging Strike 3-2: Foul Ball, location: 2F 3-2: Strikes out swinging
|
Batting: SHB Patrick Larson
|
0-0: SINGLE (Groundball, 34) (infield hit)
|
Batting: RHB Joe Bailey
|
0-0: Hit by Pitch Patrick Larson to second
|
Batting: RHB José Balina
|
0-0: Called Strike 0-1: Ball 1-1: Foul Ball, location: 2F 1-2: Strikes out swinging
|
Batting: SHB Eric Pimentel
|
0-0: 3-RUN HOME RUN (Flyball, 9D), Distance : 368 ft
|
Batting: LHB Jeff Dorney
|
0-0: Ball 1-0: Called Strike 1-1: Hit by Pitch, AND HE CHARGES THE MOUND! The benches clear!
|
Pitching: RHP Manny Canseco
|
|
Pinch Runner at 1st Jorge Hernández:
|
|
Batting: RHB Luis Pineda
|
0-0: Called Strike 0-1: Foul Ball, location: 2F 0-2: SINGLE (Line Drive, 89S) Jorge Hernández to second Runner from 2nd tries for 3rd, SAFE, throw made to third
|
Batting: RHB Edward Holloway
|
0-0: Ball 1-0: Ball 2-0: Swinging Strike 2-1: Swinging Strike 2-2: Ball 3-2: Foul Ball, location: 2F 3-2: Base on Balls Luis Pineda to second
|
Batting: LHB Pedro Padilla
|
0-0: Ball 1-0: Ball 2-0: SINGLE (Groundball, 34D) Jorge Hernández scores Luis Pineda to third Edward Holloway to second Runner from 3rd tries for Home, SAFE, throw made home Edward Holloway to third Pedro Padilla to second
|
Batting: RHB Dave Nelson
|
0-0: Ball 1-0: Foul Ball, location: 2F 1-1: Foul Ball, location: 2F 1-2: Strikes out swinging
|
Top of the 3rd over - 5 run(s), 4 hit(s), 0 error(s), 2 left on base; Portland 6 - Louisville 3 |
BOTTOM OF THE 3RD |
Louisville Bats batting - Pitching for Portland Privateers : LHP Pedro Santana
|
Now in LF: Jorge Hernández
|
|
Batting: RHB Eric Thompson
|
0-0: Ball 1-0: Ball 2-0: Called Strike 2-1: Foul Ball, location: 2F 2-2: Ball 3-2: Foul Ball, location: 2F 3-2: Base on Balls
|
Batting: LHB Mike Callahan
|
0-0: Ball 1-0: Called Strike 1-1: Fly out, F3 (Popup, 3L)
|
Batting: RHB Enrico Ramos
|
0-0: Called Strike 0-1: Ball 1-1: Ball 2-1: Foul Ball, location: 2F 2-2: Foul Ball, location: 2F 2-2: Foul Ball, location: 2F 2-2: Ball 3-2: Base on Balls Eric Thompson to second
|
Batting: LHB Alex Henderson
|
0-0: Ball Eric Thompson steals 3rd base Enrico Ramos to second 1-0: Called Strike 1-1: Fly out, F3 (Line Drive, 34S)
|
Batting: RHB John Denton
|
0-0: Called Strike 0-1: Swinging Strike 0-2: Ground out 6-3 (Groundball, 6)
|
Bottom of the 3rd over - 0 run(s), 0 hit(s), 0 error(s), 2 left on base; Portland 6 - Louisville 3 |
TOP OF THE 4TH |
Portland Privateers batting - Pitching for Louisville Bats : RHP Manny Canseco
|
Batting: SHB Patrick Larson
|
0-0: Ball 1-0: Swinging Strike 1-1: Swinging Strike 1-2: Ball 2-2: Foul Ball, location: 2F 2-2: SINGLE (Line Drive, 89S)
|
Batting: RHB Joe Bailey
|
0-0: Ball 1-0: Foul Ball, location: 2F 1-1: Foul Ball, location: 2F 1-2: Strikes out swinging
|
Batting: RHB José Balina
|
0-0: Ball 1-0: Called Strike 1-1: Ball 2-1: Fly out, F4 (Popup, 4MD)
|
Batting: SHB Eric Pimentel
|
0-0: Ball 1-0: Called Strike 1-1: Ball 2-1: Swinging Strike 2-2: Foul Ball, location: 2F 2-2: Ball 3-2: Strikes out looking
|
Top of the 4th over - 0 run(s), 1 hit(s), 0 error(s), 1 left on base; Portland 6 - Louisville 3 |
BOTTOM OF THE 4TH |
Louisville Bats batting - Pitching for Portland Privateers : LHP Pedro Santana
|
Batting: LHB Jeff Forsyth
|
0-0: Ball 1-0: Swinging Strike 1-1: Foul Ball, location: 2F 1-2: Foul Ball, location: 2F 1-2: Foul Ball, location: 2F 1-2: Ground out 5-3 (Groundball, 5)
|
Batting: RHB Shawn Marshall
|
0-0: Called Strike 0-1: Ball 1-1: Foul Ball, location: 2F 1-2: Ball 2-2: Foul Ball, location: 2F 2-2: Ball 3-2: Base on Balls
|
Batting: RHB Danny Campbell
|
0-0: Ball 1-0: Ground out 6-3 (Groundball, 6S) Shawn Marshall to second
|
Batting: RHB Dick Slagboom
|
0-0: Swinging Strike 0-1: Foul Ball, location: 2F 0-2: Foul Ball, location: 2F 0-2: Ball 1-2: Foul Ball, location: 2F 1-2: Foul Ball, location: 2F 1-2: Ball 2-2: Foul Ball, location: 2F 2-2: Foul Ball, location: 2F 2-2: Ball 3-2: Foul Ball, location: 2F 3-2: SINGLE (Line Drive, 7LS) Shawn Marshall to third Shawn Marshall scores
|
Batting: RHB Eric Thompson
|
0-0: Called Strike 0-1: SINGLE (Groundball, 34D) Dick Slagboom to second Runner from 2nd tries for 3rd, OUT!
|
Bottom of the 4th over - 1 run(s), 2 hit(s), 0 error(s), 1 left on base; Portland 6 - Louisville 4 |
TOP OF THE 5TH |
Portland Privateers batting - Pitching for Louisville Bats : RHP Manny Canseco
|
Batting: RHB Jorge Hernández
|
0-0: Called Strike 0-1: Foul Ball, location: 2F 0-2: Ball 1-2: Strikes out swinging
|
Batting: RHB Luis Pineda
|
0-0: Called Strike 0-1: Swinging Strike 0-2: Strikes out swinging
|
Batting: RHB Edward Holloway
|
0-0: Ball 1-0: Ball 2-0: SINGLE (Line Drive, 6MD)
|
Batting: LHB Pedro Padilla
|
0-0: Ball 1-0: Called Strike 1-1: Foul Ball, location: 2F 1-2: Ball 2-2: Ball 3-2: Fly out, F8 (Line Drive, 8LD)
|
Top of the 5th over - 0 run(s), 1 hit(s), 0 error(s), 1 left on base; Portland 6 - Louisville 4 |
BOTTOM OF THE 5TH |
Louisville Bats batting - Pitching for Portland Privateers : LHP Pedro Santana
|
Batting: LHB Mike Callahan
|
0-0: Called Strike 0-1: Foul Ball, location: 2F 0-2: Ball 1-2: Foul Ball, location: 2F 1-2: Fly out, F8 (Flyball, 78M)
|
Batting: RHB Enrico Ramos
|
0-0: Swinging Strike 0-1: Ball 1-1: Ball 2-1: Ball 3-1: Called Strike 3-2: Base on Balls
|
Pitching: RHP José García
|
|
Batting: LHB Alex Henderson
|
0-0: Called Strike 0-1: Ball 1-1: Called Strike 1-2: Strikes out looking
|
Batting: RHB John Denton
|
0-0: Called Strike 0-1: Ball 1-1: Swinging Strike 1-2: Ball 2-2: Ball 3-2: Base on Balls Enrico Ramos to second
|
Batting: LHB Jeff Forsyth
|
0-0: Ball 1-0: Called Strike 1-1: Ball 2-1: Ball 3-1: Base on Balls Enrico Ramos to third John Denton to second
|
Batting: RHB Shawn Marshall
|
0-0: Swinging Strike 0-1: Swinging Strike 0-2: Ball 1-2: Fielders Choice at 2nd, 6-4 (Groundball, 6)
|
Bottom of the 5th over - 0 run(s), 0 hit(s), 0 error(s), 2 left on base; Portland 6 - Louisville 4 |
TOP OF THE 6TH |
Portland Privateers batting - Pitching for Louisville Bats : RHP Manny Canseco
|
Pitching: RHP Tom McConnell
|
|
Batting: RHB Dave Nelson
|
0-0: Called Strike 0-1: Called Strike 0-2: Ball 1-2: Foul Ball, location: 2F 1-2: Strikes out swinging passed ball, reaches first!
|
Batting: SHB Patrick Larson
|
0-0: Ball 1-0: Grounds into double play, 4-6-3 (Groundball, 4)
|
Batting: RHB Joe Bailey
|
0-0: Called Strike 0-1: SINGLE (Groundball, 34D)
|
Batting: RHB José Balina
|
0-0: Ball 1-0: Ball Joe Bailey steals 2nd base 2-0: Called Strike 2-1: Swinging Strike 2-2: Strikes out looking
|
Top of the 6th over - 0 run(s), 1 hit(s), 0 error(s), 1 left on base; Portland 6 - Louisville 4 |
BOTTOM OF THE 6TH |
Louisville Bats batting - Pitching for Portland Privateers : RHP José García
|
Batting: RHB Danny Campbell
|
0-0: Fly out, F9 (Flyball, 89S)
|
Batting: RHB Dick Slagboom
|
0-0: Ground out 6-3 (Groundball, 6)
|
Batting: RHB Eric Thompson
|
0-0: Ball 1-0: Ball 2-0: Called Strike 2-1: SINGLE (Groundball, 34D)
|
Batting: LHB Mike Callahan
|
0-0: Swinging Strike 0-1: Foul Ball, location: 2F 0-2: Ball 1-2: Foul Ball, location: 2F 1-2: Strikes out looking
|
Bottom of the 6th over - 0 run(s), 1 hit(s), 0 error(s), 1 left on base; Portland 6 - Louisville 4 |
TOP OF THE 7TH |
Portland Privateers batting - Pitching for Louisville Bats : RHP Tom McConnell
|
Batting: SHB Eric Pimentel
|
0-0: Ball 1-0: Fly out, F7 (Flyball, 7S)
|
Batting: RHB Jorge Hernández
|
0-0: Ball 1-0: SINGLE (Groundball, 4) (infield hit)
|
Batting: RHB Luis Pineda
|
0-0: Ball 1-0: Called Strike 1-1: Ball 2-1: Swinging Strike 2-2: Strikes out swinging
|
Batting: RHB Edward Holloway
|
0-0: Ball 1-0: Foul Ball, location: 2F 1-1: Foul Ball, location: 2F 1-2: Ground out 1-3 (Groundball, 15)
|
Top of the 7th over - 0 run(s), 1 hit(s), 0 error(s), 1 left on base; Portland 6 - Louisville 4 |
BOTTOM OF THE 7TH |
Louisville Bats batting - Pitching for Portland Privateers : RHP José García
|
Batting: RHB Enrico Ramos
|
0-0: Called Strike 0-1: TRIPLE (Line Drive, 9LS)
|
Pitching: LHP Jaime Ayala
|
|
Batting: LHB Alex Henderson
|
0-0: Ball 1-0: Fly out, F2 (Popup, 56S)
|
Batting: RHB John Denton
|
0-0: Ball 1-0: Ball 2-0: Ball 3-0: Base on Balls
|
Pitching: LHP Mike Campbell
|
|
Pinch Hitting: RHB William Farmer
|
0-0: Foul Ball, location: 2F 0-1: Foul Ball, location: 2F 0-2: Ball 1-2: Strikes out swinging
|
Batting: RHB Shawn Marshall
|
0-0: Ball 1-0: Ball 2-0: Ball 3-0: Base on Balls John Denton to second
|
Batting: RHB Danny Campbell
|
0-0: Foul Ball, location: 2F 0-1: Ball 1-1: Ball 2-1: Foul Ball, location: 2F 2-2: Fly out, F6 (Popup, 6)
|
Bottom of the 7th over - 0 run(s), 1 hit(s), 0 error(s), 3 left on base; Portland 6 - Louisville 4 |
TOP OF THE 8TH |
Portland Privateers batting - Pitching for Louisville Bats : RHP Tom McConnell
|
Now in LF: William Farmer
|
|
Batting: LHB Pedro Padilla
|
0-0: Ground out 3-1 (Groundball, 34S)
|
Batting: RHB Dave Nelson
|
0-0: Ground out 4-3 (Groundball, 34)
|
Batting: SHB Patrick Larson
|
0-0: Called Strike 0-1: Called Strike 0-2: Ground out 3-1 (Groundball, 34)
|
Top of the 8th over - 0 run(s), 0 hit(s), 0 error(s), 0 left on base; Portland 6 - Louisville 4 |
BOTTOM OF THE 8TH |
Louisville Bats batting - Pitching for Portland Privateers : LHP Mike Campbell
|
Batting: RHB Dick Slagboom
|
0-0: Called Strike 0-1: Foul Ball, location: 2F 0-2: Ball 1-2: Ball 2-2: Ball 3-2: SOLO HOME RUN (Flyball, 7LD), Distance : 358 ft
|
Pitching: LHP Luke Brown
|
|
Batting: RHB Eric Thompson
|
0-0: Ball 1-0: Ball 2-0: Ball 3-0: Ground out 1-3 (Groundball, P)
|
Batting: LHB Mike Callahan
|
0-0: Foul Ball, location: 2F 0-1: Ball 1-1: Foul Ball, location: 2F 1-2: Ground out U3 (Groundball, 34)
|
Pitching: RHP Ed Calhoun
|
|
Batting: RHB Enrico Ramos
|
0-0: Called Strike 0-1: Foul Ball, location: 2F 0-2: Ball 1-2: Ball 2-2: Strikes out swinging
|
Bottom of the 8th over - 1 run(s), 1 hit(s), 0 error(s), 0 left on base; Portland 6 - Louisville 5 |
TOP OF THE 9TH |
Portland Privateers batting - Pitching for Louisville Bats : RHP Tom McConnell
|
Batting: RHB Joe Bailey
|
0-0: TRIPLE (Flyball, 8RD)
|
Batting: RHB José Balina
|
0-0: Called Strike 0-1: Fly out, F4 (Popup, 3L)
|
Batting: SHB Eric Pimentel
|
0-0: Intentional Walk
|
Pinch Hitting: LHB Dillon Beck
|
0-0: Ball 1-0: Ball 2-0: Fly out, F9 (Flyball, 89M) Runner from 3rd tags up, SCORES, no throw
|
Batting: RHB Luis Pineda
|
0-0: Called Strike 0-1: Ball 1-1: Foul Ball, location: 2F 1-2: Ball 2-2: Foul Ball, location: 2F 2-2: SINGLE (Line Drive, 8RS) Eric Pimentel to second
|
Batting: RHB Edward Holloway
|
0-0: Fly out, F7 (Flyball, 78S)
|
Top of the 9th over - 1 run(s), 2 hit(s), 0 error(s), 2 left on base; Portland 7 - Louisville 5 |
BOTTOM OF THE 9TH |
Louisville Bats batting - Pitching for Portland Privateers : RHP Ed Calhoun
|
Pitching: RHP Ricardo Ontiveros
|
|
Now in LF: Dillon Beck
|
|
Batting: LHB Alex Henderson
|
0-0: Swinging Strike 0-1: DOUBLE (Line Drive, 89M)
|
Batting: RHB John Denton
|
0-0: Called Strike 0-1: Ball 1-1: Ball 2-1: Ball 3-1: Called Strike 3-2: Base on Balls
|
Batting: RHB William Farmer
|
0-0: Reached on error, E6 (Groundball, 6) Alex Henderson to third John Denton to second
|
Batting: RHB Shawn Marshall
|
0-0: Ball 1-0: Fly out, F9 (Flyball, 9S)
|
Batting: RHB Danny Campbell
|
0-0: Ball 1-0: Called Strike 1-1: Foul Ball, location: 2F 1-2: Ball 2-2: Foul Ball, location: 2F 2-2: Foul Ball, location: 2F 2-2: Foul Ball, location: 2F 2-2: Ball 3-2: Strikes out looking
|
Batting: RHB Dick Slagboom
|
0-0: Ball 1-0: Ball 2-0: Ball 3-0: Called Strike 3-1: Foul Ball, location: 2F 3-2: Fly out, F9 (Flyball, 9)
|
Bottom of the 9th over - 0 run(s), 1 hit(s), 1 error(s), 3 left on base; Portland 7 - Louisville 5 |
|